[Event "GambitGuide"]
[Site "Internet Chess Club"]
[Date "2014.10.30"]
[Round "1"]
[White "JSBach"]
[Black "amazinggrace"]
[Result "0-1"]
[ICCResult "White checkmated"]
[WhiteElo "1628"]
[BlackElo "2480"]
[Opening "Vienna: `Frankenstein-Dracula' variation"]
[ECO "C27"]
[NIC "VG.02"]
[Time "14:25:50"]
[TimeControl "120+12"]

1. e4 e5 2. Nc3 Nf6 3. Bc4 Nxe4 4. Qh5 Nd6 5. Bb3 Nc6 6. Nb5 g6 7. Qf3 f5 8.
Qd5 Qe7 9. Nxc7+ Kd8 10. Nxa8 b6 11. Ba4 b5 12. Bxb5 Nb4 13. Qc5 Nxb5 14.
Qc4 Qc5 15. Qxc5 Bxc5 16. Kd1 Bb7 17. d4 Bxa8 18. dxc5 Bxg2 19. Bg5+ Kc8 20.
c4 Nd4 21. Bd2 Nd3 22. Be1 Bxh1 23. Rb1 Nxe1 24. Kxe1 Be4 25. Rd1 Kc7 26.
Kd2 Kc6 27. b4 a5 28. bxa5 Ra8 29. Ke3 Rxa5 30. a4 Rxa4 31. Rf1 Ra3+ 32. Kd2
Kxc5 33. h3 Ra2+ 34. Ke3 Kxc4 35. Rd1 d5 36. Rc1+ Nc2+ 37. Kd2 d4 38. Ne2 d3
39. Nc3 Ra1 40. Nb1 Kd4 41. h4 Bd5 42. Rxc2 dxc2 43. Kxc2 Be4+ 44. Kd2 Rxb1
45. Ke2 f4 46. Kd2 Bd5 47. Ke2 e4 48. Kd2 Rb2+ 49. Ke1 Bc4 50. Kd1 Kc3 51.
Kc1 Bd3 52. f3 Rb1# {White checkmated} 0-1

[Event "GambitGuide"]
[Site "Internet Chess Club"]
[Date "2014.10.30"]
[Round "1"]
[White "JSBach"]
[Black "ram75"]
[Result "1-0"]
[ICCResult "Black resigns"]
[WhiteElo "1628"]
[BlackElo "1208"]
[Opening "Vienna: `Frankenstein-Dracula' variation"]
[ECO "C27"]
[NIC "VG.02"]
[Time "14:28:16"]
[TimeControl "120+12"]

1. e4 e5 2. Nc3 Nf6 3. Bc4 Nxe4 4. Qh5 Nd6 5. Bb3 Nc6 6. Nb5 g6 7. Qf3 f5 8.
Qd5 Qe7 9. Nxc7+ Kd8 10. Nxa8 b6 11. Ba4 Bb7 12. Nxb6 axb6 13. Qb3 Nd4 14.
Qxb6+ Ke8 15. Kf1 Qg5 16. f3 e4 17. Qxd4 Rg8 18. Bb3 Bg7 19. Qxd6
{Black resigns}
1-0

[Event "GambitGuide"]
[Site "Internet Chess Club"]
[Date "2014.10.30"]
[Round "1"]
[White "JSBach"]
[Black "marabu"]
[Result "1-0"]
[ICCResult "Black resigns"]
[WhiteElo "1628"]
[BlackElo "1939"]
[Opening "Vienna: `Frankenstein-Dracula' variation"]
[ECO "C27"]
[NIC "VG.02"]
[Time "14:29:19"]
[TimeControl "120+12"]

1. e4 e5 2. Nc3 Nf6 3. Bc4 Nxe4 4. Qh5 Nd6 5. Bb3 Nc6 6. Nb5 g6 7. Qf3 f5 8.
Qd5 Qe7 9. Nxc7+ Kd8 10. Nxa8 b6 11. Ba4 Bb7 12. Nxb6 axb6 13. Qb3 Kc7 14.
Ne2 Qe6 15. Qxe6 dxe6 16. d3 Be7 17. Be3 Ra8 18. Nc3 Nb4 19. Rg1 Rxa4 20.
Bxb6+ Kd7 21. Nxa4 Nxc2+ 22. Ke2 Nxa1 23. Rxa1 Bxg2 24. b4 Bc6 25. Nc5+ Ke8
26. Nxe6 Kf7 27. Nd8+ Bxd8 28. Bxd8 Bb5 29. a4 Ba6 30. Bc7 Ke6 31. Bxd6 Kxd6
32. b5 Bb7 33. b6 Kc6 34. a5 Ba6 35. f3 f4 36. h3 g5 37. Re1 h6 38. Kd2 Kb5
39. Rxe5+ {Black resigns} 1-0

[Event "GambitGuide"]
[Site "Internet Chess Club"]
[Date "2014.10.30"]
[Round "1"]
[White "JSBach"]
[Black "Baluk"]
[Result "1-0"]
[ICCResult "Black resigns"]
[WhiteElo "1628"]
[BlackElo "1981"]
[Opening "Vienna: `Frankenstein-Dracula' variation"]
[ECO "C27"]
[NIC "VG.02"]
[Time "14:28:55"]
[TimeControl "120+12"]

1. e4 e5 2. Nc3 Nf6 3. Bc4 Nxe4 4. Qh5 Nd6 5. Bb3 Nc6 6. Nb5 g6 7. Qf3 f5 8.
Qd5 Qe7 9. Nxc7+ Kd8 10. Nxa8 b6 11. Ba4 Bb7 12. Nxb6 axb6 13. Qb3 Kc7 14.
Ne2 Qe6 15. Qxe6 dxe6 16. d3 Be7 17. Be3 Ra8 18. Nc3 f4 19. Bd2 Nd4 20. O-O
b5 21. Bb3 Nxb3 22. axb3 Rxa1 23. Rxa1 Kb6 24. f3 g5 25. b4 h5 26. h3 h4 27.
Kf1 Nf5 28. Nb1 Nd4 29. c4 bxc4 30. dxc4 Nb3 31. c5+ Kb5 32. Ra7 Kc6 33. b5+
Kc7 34. c6 Nc5 35. Bb4 e4 36. Bxc5 Bxc5 37. Rxb7+ Kc8 38. b4 Bxb4 39. b6 e3
40. Rg7 Kd8 41. b7 Bd6 42. Rd7+ Ke8 43. Rxd6 {Black resigns} 1-0

[Event "GambitGuide"]
[Site "Internet Chess Club"]
[Date "2014.10.30"]
[Round "1"]
[White "JSBach"]
[Black "marabu"]
[Result "1-0"]
[ICCResult "Black resigns"]
[WhiteElo "1628"]
[BlackElo "1939"]
[Opening "Vienna: `Frankenstein-Dracula' variation"]
[ECO "C27"]
[NIC "VG.02"]
[Time "14:30:26"]
[TimeControl "120+12"]

1. e4 e5 2. Nc3 Nf6 3. Bc4 Nxe4 4. Qh5 Nd6 5. Bb3 Nc6 6. Nb5 g6 7. Qf3 f5 8.
Qd5 Qe7 9. Nxc7+ Kd8 10. Nxa8 b6 11. Ba4 Bb7 12. Nxb6 axb6 13. Qb3 Kc7 14.
Ne2 Qe6 15. Qxe6 dxe6 16. d3 Be7 17. Be3 f4 18. Bd2 g5 19. c3 h5 20. O-O g4
21. Rae1 h4 22. Bb3 Rh6 23. Ba4 h3 24. g3 fxg3 25. Bxc6 Bxc6 26. Nxg3 Nf5
27. Nxf5 exf5 28. Bxh6 Kd6 29. Bg7 e4 30. d4 Bd5 31. Be5+ Ke6 32. b3 b5 33.
a4 bxa4 34. c4 Bb7 35. bxa4 Ba6 36. Rc1 Bf6 37. Bxf6 Kxf6 38. d5 Ke5 39.
Rfd1 {Black resigns} 1-0

[Event "GambitGuide"]
[Site "Internet Chess Club"]
[Date "2014.10.30"]
[Round "1"]
[White "JSBach"]
[Black "ram75"]
[Result "1-0"]
[ICCResult "Black resigns"]
[WhiteElo "1628"]
[BlackElo "1208"]
[Opening "Vienna: `Frankenstein-Dracula' variation"]
[ECO "C27"]
[NIC "VG.02"]
[Time "14:30:42"]
[TimeControl "120+12"]

1. e4 e5 2. Nc3 Nf6 3. Bc4 Nxe4 4. Qh5 Nd6 5. Bb3 Nc6 6. Nb5 g6 7. Qf3 f5 8.
Qd5 Qe7 9. Nxc7+ Kd8 10. Nxa8 b6 11. Ba4 Bb7 12. Nxb6 axb6 13. Qb3 Kc7 14.
Ne2 Na5 15. Qh3 Qg5 16. f3 b5 17. d4 bxa4 18. Bxg5 {Black resigns} 1-0

[Event "GambitGuide"]
[Site "Internet Chess Club"]
[Date "2014.10.30"]
[Round "1"]
[White "JSBach"]
[Black "marabu"]
[Result "1-0"]
[ICCResult "Black resigns"]
[WhiteElo "1628"]
[BlackElo "1939"]
[Opening "Vienna: `Frankenstein-Dracula' variation"]
[ECO "C27"]
[NIC "VG.02"]
[Time "14:31:58"]
[TimeControl "120+12"]

1. e4 e5 2. Nc3 Nf6 3. Bc4 Nxe4 4. Qh5 Nd6 5. Bb3 Nc6 6. Nb5 g6 7. Qf3 f5 8.
Qd5 Qe7 9. Nxc7+ Kd8 10. Nxa8 b6 11. Ba4 Bb7 12. Nxb6 axb6 13. Qb3 Kc7 14.
Ne2 Bg7 15. Nc3 Na5 16. Nd5+ Bxd5 17. Qxd5 Qe6 18. Qxe6 dxe6 19. c3 e4 20.
h4 Nf7 21. Bc2 Nb7 22. h5 g5 23. Rf1 h6 24. d3 exd3 25. Bxd3 Nc5 26. Bc4 Nd6
27. Be2 g4 28. Be3 Nce4 29. Bf4 Kc6 30. O-O-O Ra8 31. f3 e5 32. fxe4 exf4
33. exf5 Nxf5 34. Bxg4 Ne3 35. Bf3+ Kc5 36. Bxa8 {Black resigns} 1-0

[Event "GambitGuide"]
[Site "Internet Chess Club"]
[Date "2014.10.30"]
[Round "1"]
[White "JSBach"]
[Black "asadue"]
[Result "1-0"]
[ICCResult "Black resigns"]
[WhiteElo "1628"]
[BlackElo "1270"]
[Opening "Vienna: `Frankenstein-Dracula' variation"]
[ECO "C27"]
[NIC "VG.02"]
[Time "14:31:50"]
[TimeControl "120+12"]

1. e4 e5 2. Nc3 Nf6 3. Bc4 Nxe4 4. Qh5 Nd6 5. Bb3 Nc6 6. Nb5 g6 7. Qf3 f5 8.
Qd5 Qe7 9. Nxc7+ Kd8 10. Nxa8 b6 11. Ba4 Bb7 12. Nxb6 axb6 13. Qb3 b5 14.
Nf3 Kc7 15. Bxb5 Ne4 16. d3 Nc5 17. Qc4 Nd4 18. Nxd4 exd4+ 19. Kf1 Bg7 20.
b4 d5 21. Qxc5+ Qxc5 22. bxc5 {Black resigns} 1-0

[Event "GambitGuide"]
[Site "Internet Chess Club"]
[Date "2014.10.30"]
[Round "1"]
[White "JSBach"]
[Black "Slafsslubbe"]
[Result "1-0"]
[ICCResult "Black checkmated"]
[WhiteElo "1628"]
[BlackElo "1592"]
[Opening "Vienna: `Frankenstein-Dracula' variation"]
[ECO "C27"]
[NIC "VG.02"]
[Time "14:32:01"]
[TimeControl "120+12"]

1. e4 e5 2. Nc3 Nf6 3. Bc4 Nxe4 4. Qh5 Nd6 5. Bb3 Nc6 6. Nb5 g6 7. Qf3 f5 8.
Qd5 Qe7 9. Nxc7+ Kd8 10. Nxa8 b6 11. Ba4 Bb7 12. Nxb6 axb6 13. Qb3 Kc7 14.
Ne2 Bg7 15. Nc3 Nd4 16. Nd5+ Bxd5 17. Qxd5 Rc8 18. Bb3 Kb8 19. c3 Nxb3 20.
axb3 Rc6 21. b4 Rxc3 22. Qa8+ Kc7 23. Ra7+ Nb7 24. Qxb7+ Kd6 25. bxc3 Ke6
26. Qxb6+ Kf7 27. Qb7 d6 28. Qxe7+ Kg8 29. Qxg7# {Black checkmated} 1-0

[Event "GambitGuide"]
[Site "Internet Chess Club"]
[Date "2014.10.30"]
[Round "1"]
[White "JSBach"]
[Black "marabu"]
[Result "1-0"]
[ICCResult "Black resigns"]
[WhiteElo "1628"]
[BlackElo "1939"]
[Opening "Vienna: `Frankenstein-Dracula' variation"]
[ECO "C27"]
[NIC "VG.02"]
[Time "14:33:05"]
[TimeControl "120+12"]

1. e4 e5 2. Nc3 Nf6 3. Bc4 Nxe4 4. Qh5 Nd6 5. Bb3 Nc6 6. Nb5 g6 7. Qf3 f5 8.
Qd5 Qe7 9. Nxc7+ Kd8 10. Nxa8 b6 11. Ba4 Bb7 12. Nxb6 axb6 13. Qb3 Kc7 14.
Ne2 Qe6 15. Qxe6 dxe6 16. d3 Nd4 17. f3 b5 18. Nxd4 exd4 19. Bb3 e5 20. a4
b4 21. Bd2 Nc8 22. a5 Ba6 23. Bc4 Kb7 24. Ra4 Bxc4 25. dxc4 Ka6 26. Bxb4 Bd6
27. Bxd6 Nxd6 28. b3 Rc8 29. Kd2 e4 30. Rd1 Rc5 31. Ke2 {Black resigns} 1-0

[Event "GambitGuide"]
[Site "Internet Chess Club"]
[Date "2014.10.30"]
[Round "1"]
[White "JSBach"]
[Black "asadue"]
[Result "1-0"]
[ICCResult "Black resigns"]
[WhiteElo "1628"]
[BlackElo "1270"]
[Opening "Vienna: `Frankenstein-Dracula' variation"]
[ECO "C27"]
[NIC "VG.02"]
[Time "14:34:03"]
[TimeControl "120+12"]

1. e4 e5 2. Nc3 Nf6 3. Bc4 Nxe4 4. Qh5 Nd6 5. Bb3 Nc6 6. Nb5 g6 7. Qf3 f5 8.
Qd5 Qe7 9. Nxc7+ Kd8 10. Nxa8 b6 11. Ba4 Nd4 12. f4 Bg7 13. fxe5 Bxe5 14. g4
Bg3+ 15. Kf1 Qe1+ 16. Kg2 Qf2+ 17. Kh3 fxg4+ 18. Kxg4 h5+ 19. Kh3 N6b5 20.
Qg5+ Ke8 21. Qxg6+ Kf8 22. hxg3 d5+ 23. Kh4 Rg8 24. Qh6+ Rg7 25. Qh8+ Kf7
26. Qxh5+ Kg8 27. Qxd5+ Kh8 28. Qe5 Nf3+ 29. Nxf3 Qxf3 30. Qe8+ Kh7 31. Qh5+
Kg8 32. Qxf3 {Black resigns} 1-0

[Event "GambitGuide"]
[Site "Internet Chess Club"]
[Date "2014.10.30"]
[Round "1"]
[White "JSBach"]
[Black "ram75"]
[Result "1-0"]
[ICCResult "Black resigns"]
[WhiteElo "1628"]
[BlackElo "1208"]
[Opening "Vienna: `Frankenstein-Dracula' variation"]
[ECO "C27"]
[NIC "VG.02"]
[Time "14:33:17"]
[TimeControl "120+12"]

1. e4 e5 2. Nc3 Nf6 3. Bc4 Nxe4 4. Qh5 Nd6 5. Bb3 Nc6 6. Nb5 g6 7. Qf3 f5 8.
Qd5 Qe7 9. Nxc7+ Kd8 10. Nxa8 b6 11. Ba4 Bb7 12. Nxb6 axb6 13. Qb3 Na5 14.
Qxb6+ Ke8 15. Qxa5 Bxg2 16. Bc6 dxc6 17. Nf3 Bxh1 18. Nxe5 Bg7 19. d4 Nc4
20. Qa8+ Qd8 21. Qxd8+ Kxd8 22. Nxc4 Re8+ 23. Ne5 Bxe5 24. dxe5 Rxe5+ 25.
Be3 f4 26. O-O-O+ Kc7 27. Bxf4 {Black resigns} 1-0

[Event "GambitGuide"]
[Site "Internet Chess Club"]
[Date "2014.10.30"]
[Round "1"]
[White "JSBach"]
[Black "Ohanessian"]
[Result "0-1"]
[ICCResult "White checkmated"]
[WhiteElo "1628"]
[BlackElo "2067"]
[Opening "Vienna: `Frankenstein-Dracula' variation"]
[ECO "C27"]
[NIC "VG.02"]
[Time "14:31:12"]
[TimeControl "120+12"]

1. e4 e5 2. Nc3 Nf6 3. Bc4 Nxe4 4. Qh5 Nd6 5. Bb3 Nc6 6. Nb5 g6 7. Qf3 f5 8.
Qd5 Qe7 9. Nxc7+ Kd8 10. Nxa8 b6 11. Ba4 Bb7 12. Nxb6 axb6 13. Qb3 Kc7 14.
Ne2 Bg7 15. Nc3 Nd4 16. Nd5+ Bxd5 17. Qxd5 Ne4 18. d3 Nc5 19. Qc4 d5 20. Qc3
Kb7 21. Bb3 Ncxb3 22. axb3 Rc8 23. Ra7+ Kxa7 24. Qxc8 e4 25. Be3 exd3 26.
cxd3 f4 27. Qg8 fxe3 28. O-O exf2+ 29. Kh1 Qe1 30. Qf7+ Ka6 31. Qxf2 Qxf2
32. Rxf2 Nxb3 33. Re2 Nc5 34. Rd2 Bd4 35. h3 Be3 36. Rd1 Kb5 37. Kh2 Kb4 38.
g4 Kb3 39. d4 Ne4 40. Rd3+ Kxb2 41. Rxe3 b5 42. Rxe4 dxe4 43. d5 e3 44. Kg3
Kc2 45. Kf3 Kd2 46. d6 e2 47. d7 e1=Q 48. d8=Q+ Kc2 49. Qg8 Qc3+ 50. Kg2 b4
51. Qxh7 Qd2+ 52. Kg1 Qd4+ 53. Kg2 Qe4+ 54. Kh2 b3 55. Qc7+ Kd2 56. Qa5+ Kc2
57. Qc7+ Kb1 58. Qd6 b2 59. Kg3 Kc1 60. Qa3 Kc2 61. Qa2 Qd3+ 62. Kf2 Qb3 63.
Qa6 b1=Q 64. Qxg6+ Kb2 65. Qf6+ Qc3 66. Qb6+ Kc2 67. Qxb1+ Kxb1 68. Kg2 Kc2
69. h4 Kd2 70. h5 Ke2 71. Kh2 Kf2 72. g5 Qg3+ 73. Kh1 Qg1# {White
checkmated} 0-1

[Event "GambitGuide"]
[Site "Internet Chess Club"]
[Date "2014.10.30"]
[Round "1"]
[White "JSBach"]
[Black "marabu"]
[Result "0-1"]
[ICCResult "White checkmated"]
[WhiteElo "1628"]
[BlackElo "1939"]
[Opening "Vienna: `Frankenstein-Dracula' variation"]
[ECO "C27"]
[NIC "VG.02"]
[Time "14:34:14"]
[TimeControl "120+12"]

1. e4 e5 2. Nc3 Nf6 3. Bc4 Nxe4 4. Qh5 Nd6 5. Bb3 Nc6 6. Nb5 g6 7. Qf3 f5 8.
Qd5 Qe7 9. Nxc7+ Kd8 10. Nxa8 b6 11. Ba4 Bb7 12. Nxb6 axb6 13. Qb3 Nc8 14.
Nf3 e4 15. Ng1 Qb4 16. Qf7 Qe7 17. Bb3 Qxf7 18. Bxf7 Ne5 19. Bb3 Nd6 20. Nh3
Nb5 21. Ng5 h6 22. Nf7+ Nxf7 23. Bxf7 g5 24. Bc4 Nd6 25. Bb3 Bg7 26. a3 Re8
27. h3 f4 28. Rf1 Ba6 29. Rg1 Nf5 30. Bf7 Re7 31. Bg6 Re5 32. Bf7 Ke7 33.
Bb3 d5 34. Rb1 Nd4 35. Ba4 b5 36. Bb3 Nxb3 37. cxb3 d4 38. a4 b4 39. Ra1 d3
40. Kd1 Kd6 41. Re1 Kd5 42. Rb1 Kd4 43. Rg1 Bb7 44. g3 f3 45. h4 Bf6 46.
hxg5 Bxg5 47. Rf1 Bc8 48. Ra1 Ra5 49. Ke1 Bh3 50. Rg1 Bg2 51. Rb1 Kc5 52.
Kd1 Kd4 53. Ra1 h5 54. Rb1 h4 55. gxh4 Bxh4 56. Ke1 Be7 57. Kd1 Bd6 58. Re1
Bf4 59. Rg1 Bc7 60. Re1 Rh5 61. Ra1 Ba5 62. Rg1 Rh2 63. Rb1 Ke5 64. Ra1 Kf4
65. Ra2 Kg4 66. Ra1 Kh3 67. Re1 Rh1 68. Rxh1+ Bxh1 69. Ke1 Kg2 70. Ra2 Kg1
71. Ra1 Bg2 72. Rb1 Bh3 73. Ra1 Bd7 74. Ra2 Bc6 75. Ra1 Bb7 76. Rb1 Ba6 77.
Ra1 Bb6 78. Rb1 Bxf2+ 79. Kd1 Bb6 80. Ra1 Ba5 81. Ke1 f2+ 82. Kd1 f1=Q#
{White checkmated}
0-1

[Event "GambitGuide"]
[Site "Internet Chess Club"]
[Date "2014.10.30"]
[Round "1"]
[White "JSBach"]
[Black "Baluk"]
[Result "0-1"]
[ICCResult "White checkmated"]
[WhiteElo "1628"]
[BlackElo "1981"]
[Opening "Vienna: `Frankenstein-Dracula' variation"]
[ECO "C27"]
[NIC "VG.02"]
[Time "14:32:02"]
[TimeControl "120+12"]

1. e4 e5 2. Nc3 Nf6 3. Bc4 Nxe4 4. Qh5 Nd6 5. Bb3 Nc6 6. Nb5 g6 7. Qf3 f5 8.
Qd5 Qe7 9. Nxc7+ Kd8 10. Nxa8 b6 11. Ba4 Bb7 12. Nxb6 axb6 13. Qb3 Kc7 14.
Ne2 Bg7 15. Nc3 Nd4 16. Nd5+ Bxd5 17. Qxd5 b5 18. Bb3 Rb8 19. d3 e4 20. Qc5+
Nc6 21. O-O Bd4 22. Qd5 b4 23. Re1 Rb5 24. Qg8 Re5 25. Bf4 Bxb2 26. Bxe5
Qxe5 27. Rab1 Bc3 28. Red1 e3 29. fxe3 Qxe3+ 30. Kh1 Qh6 31. Qd5 Be5 32. h3
Qf4 33. Kg1 Bd4+ 34. Kh1 Be5 35. Kg1 Qh2+ 36. Kf1 Bd4 37. Re1 Qg3 38. Re2
Qh2 39. Ree1 Qg3 40. Re2 f4 41. a4 Nf5 42. Qb5 Ne3+ 43. Rxe3 Bxe3 44. Qxc6+
dxc6 45. Ke2 Qf2+ 46. Kd1 Qd2# {White checkmated} 0-1

[Event "GambitGuide"]
[Site "Internet Chess Club"]
[Date "2014.10.30"]
[Round "1"]
[White "JSBach"]
[Black "Slafsslubbe"]
[Result "1-0"]
[ICCResult "Black resigns"]
[WhiteElo "1618"]
[BlackElo "1592"]
[Opening "Vienna: `Frankenstein-Dracula' variation"]
[ECO "C27"]
[NIC "VG.02"]
[Time "14:34:15"]
[TimeControl "120+12"]

1. e4 e5 2. Nc3 Nf6 3. Bc4 Nxe4 4. Qh5 Nd6 5. Bb3 Nc6 6. Nb5 g6 7. Qf3 f5 8.
Qd5 Qe7 9. Nxc7+ Kd8 10. Nxa8 b6 11. Ba4 Bb7 12. Nxb6 axb6 13. Qb3 Kc7 14.
Ne2 Bg7 15. Nc3 Nd4 16. Nd5+ Bxd5 17. Qxd5 Qe6 18. Qxe6 Nxe6 19. c3 Nc5 20.
Bc2 e4 21. Rg1 Re8 22. Ke2 Nc4 23. b4 Ne6 24. Bb3 Ne5 25. Bb2 Nd3 26. Rab1
Nef4+ 27. Ke3 Bh6 28. Bf7 Re7 29. Bxg6 hxg6 30. Ba3 Nh3+ 31. Ke2 Nxg1+ 32.
Rxg1 Nf4+ 33. Kd1 Re5 34. h4 Rd5 35. Ke1 Rd3 36. Bb2 Nd5 37. Bc1 Nxc3 38.
dxc3 Bxc1 39. h5 gxh5 40. Rh1 Rxc3 41. Rxh5 f4 42. Re5 e3 43. Re4 exf2+ 44.
Kxf2 Rc2+ 45. Kf3 Rxa2 46. Rc4+ Kd6 47. Rxc1 Rb2 48. Rc4 Ke5 49. Re4+ Kd5
50. Rxf4 Rb3+ 51. Kg4 b5 52. g3 Ke5 53. Rf5+ Ke6 54. Rxb5 {Black resigns}
1-0

[Event "GambitGuide"]
[Site "Internet Chess Club"]
[Date "2014.10.30"]
[Round "1"]
[White "JSBach"]
[Black "northbrew"]
[Result "1-0"]
[ICCResult "Black resigns"]
[WhiteElo "1618"]
[BlackElo "1713"]
[Opening "Vienna: `Frankenstein-Dracula' variation"]
[ECO "C27"]
[NIC "VG.02"]
[Time "14:33:53"]
[TimeControl "120+12"]

1. e4 e5 2. Nc3 Nf6 3. Bc4 Nxe4 4. Qh5 Nd6 5. Bb3 Nc6 6. Nb5 g6 7. Qf3 f5 8.
Qd5 Qe7 9. Nxc7+ Kd8 10. Nxa8 b6 11. Ba4 Bb7 12. Nxb6 axb6 13. Qb3 Kc7 14.
Ne2 Bg7 15. Nc3 Nd4 16. Nd5+ Bxd5 17. Qxd5 Qe6 18. Qxe6 Nxe6 19. c3 Nc5 20.
Bc2 e4 21. h4 Ra8 22. Ke2 Ne6 23. d4 b5 24. d5 Nc5 25. Be3 Na4 26. Rab1 Nc4
27. Bc1 Nab6 28. Bf4+ d6 29. a3 Nxd5 30. Bc1 Ndb6 31. h5 Rh8 32. hxg6 hxg6
33. Rxh8 Bxh8 34. b3 Ne5 35. a4 Kc6 36. a5 Nd5 37. Bd2 Bf6 38. a6 Kb6 39. c4
Nc7 40. cxb5 Nxb5 41. Ra1 Na7 42. Be3+ Kb5 43. Rd1 Kxa6 44. Rxd6+ Kb7 45.
Rxf6 Nb5 46. Rb6+ Kc7 47. Rxb5 {Black resigns} 1-0

[Event "GambitGuide"]
[Site "Internet Chess Club"]
[Date "2014.10.30"]
[Round "1"]
[White "JSBach"]
[Black "asadue"]
[Result "1-0"]
[ICCResult "Black resigns"]
[WhiteElo "1618"]
[BlackElo "1270"]
[Opening "Vienna: `Frankenstein-Dracula' variation"]
[ECO "C27"]
[NIC "VG.02"]
[Time "14:36:32"]
[TimeControl "120+12"]

1. e4 e5 2. Nc3 Nf6 3. Bc4 Nxe4 4. Qh5 Nd6 5. Bb3 Nc6 6. Nb5 g6 7. Qf3 f5 8.
Qd5 Qe7 9. Nxc7+ Kd8 10. Nxa8 b6 11. Ba4 Bb7 12. Nxb6 axb6 13. Qb3 Kc7 14.
Ne2 e4 15. Qd5 Na5 16. Qd4 Bg7 17. Qb4 Nac4 18. Bb5 Ne5 19. Nd4 Nxb5 20.
Qxe7 {Black resigns} 1-0

[Event "GambitGuide"]
[Site "Internet Chess Club"]
[Date "2014.10.30"]
[Round "1"]
[White "JSBach"]
[Black "brax380"]
[Result "1-0"]
[ICCResult "Black resigns"]
[WhiteElo "1618"]
[BlackElo "1321"]
[Opening "Vienna: `Frankenstein-Dracula' variation"]
[ECO "C27"]
[NIC "VG.02"]
[Time "14:37:01"]
[TimeControl "120+12"]

1. e4 e5 2. Nc3 Nf6 3. Bc4 Nxe4 4. Qh5 Nd6 5. Bb3 Nc6 6. Nb5 g6 7. Qf3 f5 8.
Qd5 Qe7 9. Nxc7+ Kd8 10. Nxa8 b6 11. Ba4 Nd4 12. f4 Bb7 13. Qxe5 Qxe5+ 14.
fxe5 Bc6 15. exd6 Bxa4 16. Kf2 Bxd6 17. c3 Nc2 18. b3 Bc6 19. Rb1 Ke7 20.
Nxb6 axb6 21. Bb2 Bc5+ 22. d4 Bd6 23. Ne2 Kf6 24. c4 Re8 25. d5+ Kg5 26.
dxc6 dxc6 27. Nd4 Nxd4 28. Bxd4 c5 29. Bc3 Re4 30. Rbe1 Rf4+ 31. Ke3 Rg4 32.
Re2 Bf4+ 33. Kf3 Rh4 34. Re6 Rh5 35. Bf6+ Kh6 36. Kxf4 Rh4+ 37. Bxh4 Kh5 38.
Bf6 h6 39. Rxb6 g5+ 40. Kxf5 {Black resigns} 1-0

[Event "GambitGuide"]
[Site "Internet Chess Club"]
[Date "2014.10.30"]
[Round "1"]
[White "JSBach"]
[Black "ram75"]
[Result "1-0"]
[ICCResult "Black checkmated"]
[WhiteElo "1618"]
[BlackElo "1208"]
[Opening "Vienna: `Frankenstein-Dracula' variation"]
[ECO "C27"]
[NIC "VG.02"]
[Time "14:36:40"]
[TimeControl "120+12"]

1. e4 e5 2. Nc3 Nf6 3. Bc4 Nxe4 4. Qh5 Nd6 5. Bb3 Nc6 6. Nb5 g6 7. Qf3 f5 8.
Qd5 Qe7 9. Nxc7+ Kd8 10. Nxa8 b6 11. Ba4 Bb7 12. Nxb6 axb6 13. Qb3 Kc7 14.
Ne2 Na5 15. Qg3 b5 16. Bb3 Nxb3 17. axb3 Ne4 18. Qd3 Bc6 19. O-O Qh4 20. g3
Qh3 21. Ra2 Nxd2 22. Ra7+ Kd8 23. Rxd7+ Bxd7 24. Rd1 Nf3+ 25. Qxf3 Kc7 26.
Qc3+ Bc6 27. Qxe5+ Kb7 28. f3 Bxf3 29. Rd7+ Kb6 30. Qc7+ Ka6 31. Qa7#
{Black checkmated}
1-0

[Event "GambitGuide"]
[Site "Internet Chess Club"]
[Date "2014.10.30"]
[Round "1"]
[White "JSBach"]
[Black "Undermind"]
[Result "1-0"]
[ICCResult "Black resigns"]
[WhiteElo "1618"]
[BlackElo "1292"]
[Opening "Vienna: `Frankenstein-Dracula' variation"]
[ECO "C27"]
[NIC "VG.02"]
[Time "14:38:27"]
[TimeControl "120+12"]

1. e4 e5 2. Nc3 Nf6 3. Bc4 Nxe4 4. Qh5 Nd6 5. Bb3 Nc6 6. Nb5 g6 7. Qf3 f5 8.
Qd5 Qe7 9. Nxc7+ Kd8 10. Nxa8 b6 11. Ba4 Bb7 12. Nxb6 axb6 13. Qb3 Nc8 14.
Nf3 Qe6 15. Qxe6 dxe6 16. Ng5 Kd7 17. Nf7 Rg8 18. Nxe5+ Kd6 19. Bxc6 Bxc6
20. Nxc6 Kxc6 21. d4 Bg7 22. Be3 Nd6 23. O-O-O {Black resigns} 1-0

[Event "GambitGuide"]
[Site "Internet Chess Club"]
[Date "2014.10.30"]
[Round "1"]
[White "JSBach"]
[Black "brax380"]
[Result "1-0"]
[ICCResult "Black checkmated"]
[WhiteElo "1618"]
[BlackElo "1321"]
[Opening "Vienna: `Frankenstein-Dracula' variation"]
[ECO "C27"]
[NIC "VG.02"]
[Time "14:39:26"]
[TimeControl "120+12"]

1. e4 e5 2. Nc3 Nf6 3. Bc4 Nxe4 4. Qh5 Nd6 5. Bb3 Nc6 6. Nb5 g6 7. Qf3 f5 8.
Qd5 Qe7 9. Nxc7+ Kd8 10. Nxa8 b6 11. Ba4 Bb7 12. Nxb6 axb6 13. Qb3 Nd4 14.
Qxb6+ Ke8 15. Kf1 Bh6 16. c3 Nc6 17. d4 exd4 18. Bxh6 Kf7 19. Bb3+ Kf6 20.
Re1 Qd8 21. Qc5 Ne4 22. Rxe4 fxe4 23. Qg5# {Black checkmated} 1-0

[Event "GambitGuide"]
[Site "Internet Chess Club"]
[Date "2014.10.30"]
[Round "1"]
[White "JSBach"]
[Black "asadue"]
[Result "1-0"]
[ICCResult "Black checkmated"]
[WhiteElo "1618"]
[BlackElo "1270"]
[Opening "Vienna: `Frankenstein-Dracula' variation"]
[ECO "C27"]
[NIC "VG.02"]
[Time "14:38:45"]
[TimeControl "120+12"]

1. e4 e5 2. Nc3 Nf6 3. Bc4 Nxe4 4. Qh5 Nd6 5. Bb3 Nc6 6. Nb5 g6 7. Qf3 f5 8.
Qd5 Qe7 9. Nxc7+ Kd8 10. Nxa8 b6 11. Ba4 Bb7 12. Nxb6 axb6 13. Qb3 Qg5 14.
Qxb6+ Ke7 15. g3 e4 16. d4 Qg4 17. Bf4 Bg7 18. Qc7 Bxd4 19. Bxc6 Bxf2+ 20.
Kf1 Bxc6 21. h3 Qh5 22. Qxd6+ Kf7 23. Be5 Re8 24. Qf6+ Kg8 25. Qg7#
{Black checkmated}
1-0

[Event "GambitGuide"]
[Site "Internet Chess Club"]
[Date "2014.10.30"]
[Round "1"]
[White "JSBach"]
[Black "Slafsslubbe"]
[Result "1-0"]
[ICCResult "Black resigns"]
[WhiteElo "1618"]
[BlackElo "1592"]
[Opening "Vienna: `Frankenstein-Dracula' variation"]
[ECO "C27"]
[NIC "VG.02"]
[Time "14:38:24"]
[TimeControl "120+12"]

1. e4 e5 2. Nc3 Nf6 3. Bc4 Nxe4 4. Qh5 Nd6 5. Bb3 Nc6 6. Nb5 g6 7. Qf3 f5 8.
Qd5 Qe7 9. Nxc7+ Kd8 10. Nxa8 b6 11. Ba4 Bb7 12. Nxb6 axb6 13. Qb3 Kc7 14.
Ne2 Bg7 15. Nc3 Nd4 16. Nd5+ Bxd5 17. Qxd5 Qe6 18. Qxe6 dxe6 19. c3 Nc6 20.
Bb3 Kd7 21. d3 e4 22. d4 e5 23. d5 Na5 24. Bc2 Rc8 25. Bg5 Nac4 26. Rb1 f4
27. Bd1 h6 28. Bh4 g5 29. Bg4+ Kc7 30. Bxc8 Kxc8 31. b3 Na3 32. Rd1 Nab5 33.
c4 Nd4 34. Bxg5 hxg5 35. Kd2 N4f5 36. Ke2 e3 37. Ke1 e4 38. Kf1 Bd4 39. g4
fxg3 40. fxg3 Kd7 41. g4 {Black resigns} 1-0

[Event "GambitGuide"]
[Site "Internet Chess Club"]
[Date "2014.10.30"]
[Round "1"]
[White "JSBach"]
[Black "Stone-Castle"]
[Result "1-0"]
[ICCResult "Black resigns"]
[WhiteElo "1618"]
[BlackElo "1649"]
[Opening "Vienna: `Frankenstein-Dracula' variation"]
[ECO "C27"]
[NIC "VG.02"]
[Time "14:41:18"]
[TimeControl "120+12"]

1. e4 e5 2. Nc3 Nf6 3. Bc4 Nxe4 4. Qh5 Nd6 5. Bb3 Nc6 6. Nb5 g6 7. Qf3 f5 8.
Qd5 Qe7 9. Nxc7+ Kd8 10. Nxa8 b6 11. Ba4 Bb7 12. Nxb6 axb6 13. Qb3 Kc7 14.
Ne2 {Black resigns} 1-0

[Event "GambitGuide"]
[Site "Internet Chess Club"]
[Date "2014.10.30"]
[Round "1"]
[White "JSBach"]
[Black "ABottleOfSmoke"]
[Result "1-0"]
[ICCResult "Black resigns"]
[WhiteElo "1618"]
[BlackElo "1890"]
[Opening "Vienna: `Frankenstein-Dracula' variation"]
[ECO "C27"]
[NIC "VG.02"]
[Time "14:41:33"]
[TimeControl "120+12"]

1. e4 e5 2. Nc3 Nf6 3. Bc4 Nxe4 4. Qh5 Nd6 5. Bb3 Nc6 6. Nb5 g6 7. Qf3 f5 8.
Qd5 Qe7 9. Nxc7+ Kd8 10. Nxa8 b6 11. Ba4 Bb7 12. Nxb6 axb6 13. Qb3 Kc7 14.
Ne2 Bg7 15. Nc3 Ne4 16. Nd5+ {Black resigns} 1-0